 Dungeon Crawl Stone Soup version 0.30-a0-715-gdb4ae3ece1 (webtiles) character file.

Game seed: 16540714702037758704

641 jlumianski the Covered (level 7, 0/54 HPs)
             Began as a Demonspawn Fighter on Jan 24, 2023.
             Killed by nerve-wracking pain
             ... invoked by an orc priest
              (12 damage)
             ... on level 3 of the Dungeon.
             The game lasted 00:13:18 (4193 turns).

jlumianski the Covered (Demonspawn Fighter)         Turns: 4193, Time: 00:13:19

Health: 0/54       AC:  9    Str: 18    XL:     7   Next: 26%
Magic:  7/7        EV:  9    Int: 10    God:
Gold:   61         SH:  4    Dex: 12    Spells: 6/6 levels left

rFire   . . .      SeeInvis .    a - +0 war axe
rCold   . . .      Faith    .    c - +0 buckler
rNeg    . . .      Spirit   .    b - +0 scale mail
rPois   .          Reflect  .    (helmet restricted)
rElec   .          Harm     .    (no cloak)
rCorr   .          Rampage  .    (no gloves)
Will    .....                    (no boots) Stlth
                                 n - amulet of the acrobat
HPRegen 0.29/turn                (no ring)
MPRegen 0.10/turn                (no ring)

@: no status effects
A: antennae 1, thin metallic scales 1
a: no special abilities


You were on level 3 of the Dungeon.
You visited 1 branch of the dungeon, and saw 5 of its levels.

You collected 307 gold pieces.
You spent 246 gold pieces at shops.

Inventory:

Hand Weapons
 a - a +0 war axe (weapon)
 y - a +1 heavy morningstar
Missiles
 k - 26 stones
 s - 6 boomerangs (quivered)
 t - a throwing net
Armour
 b - a +0 scale mail (worn)
 c - a +0 buckler (worn)
Jewellery
 n - an amulet of the acrobat (around neck)
Wands
 d - a wand of flame (16)
 v - a wand of mindburst (9)
 w - a wand of iceblast (3)
Scrolls
 e - 2 scrolls of enchant weapon {unknown}
 i - a scroll of noise
 j - 2 scrolls of immolation {unknown}
 m - 3 scrolls of magic mapping {unknown}
 o - a scroll of teleportation
 p - a scroll of fear {unknown}
 x - a scroll of amnesia {unknown}
Potions
 f - a potion of cancellation
 g - a potion of brilliance {unknown}
 h - a potion of flight
 l - a potion of berserk rage
 q - a potion of resistance
 r - a potion of lignification
 u - 2 potions of ambrosia


   Skills:
 + Level 4.1 Fighting
 + Level 4.5 Axes
 + Level 0.2 Throwing
 + Level 4.7 Armour
 + Level 1.7 Dodging
 + Level 0.7 Stealth
 + Level 3.5 Shields


You had 6 spell levels left.
You didn't know any spells.
Your spell library contained the following spells:

 Spells                   Type           Power      Damage    Failure   Level
 Apportation              Tloc           0%         N/A       83%         1
 Necrotise                Necr           0%         1d4       83%         1
 Summon Small Mammal      Summ           0%         N/A       83%         1
 Blink                    Tloc           0%         N/A       92%         2
 Ensorcelled Hibernation  Hex/Ice        0%         N/A       92%         2
 Lesser Beckoning         Tloc           0%         N/A       92%         2
 Momentum Strike          Conj/Tloc      0%         3d8       92%         2
 Call Canine Familiar     Summ           0%         N/A       99%         3
 Dazzling Flash           Conj/Hex       0%         N/A       99%         3
 Spider Form              Tmut/Pois      0%         N/A       99%         3
 Summon Guardian Golem    Hex/Summ       0%         N/A       99%         3
 Anguish                  Hex/Necr       0%         N/A       100%        4
 Agony                    Necr           0%         N/A       100%        5
 Silence                  Hex/Air        0%         N/A       100%        5


Dungeon Overview and Level Annotations

Branches:
Dungeon (5/15)
 Temple: D:4-7

Altars:
Fedhas

Shops:
D:4 ?   D:5 *


Innate Abilities, Weirdness & Mutations

You have a pair of small antennae on your head.
You are partially covered in thin metallic scales. (AC +2)


Message History

The orc wizard hits you but does no damage.
You climb upwards.
There is a stone staircase leading down here.
You barely miss the orc wizard.
The orc wizard hits you but does no damage.
The orc wizard gestures at you while chanting.
The magic dart hits you.
You slash the orc wizard!
The orc wizard is severely wounded.
You block the orc wizard's attack.
You closely miss the orc wizard.
The orc wizard is severely wounded.
The orc wizard hits you with a +0 dagger.
You hit the orc wizard.
You kill the orc wizard!
Things that are here:
a +0 dagger; a +0 robe; an orc corpse
There is a stone staircase leading down here.
You climb downwards.
The orc priest mumbles some strange prayers to Beogh against you.
Pain shoots through your body!
There is a stone staircase leading up, spattered with blood here.
You block the orc priest's attack.
You hit the orc priest.
The orc priest is moderately wounded.
The orc priest hits you with a +0 flail.
You closely miss the orc priest.
The orc priest is moderately wounded.
The orc priest invokes the aid of Beogh against you.
Beogh smites you!
You barely miss the orc priest.
The orc priest is moderately wounded.
The orc priest mumbles some strange prayers to Beogh against you.
Beogh smites you!
* * * LOW HITPOINT WARNING * * *
You hit the orc priest but do no damage.
The orc priest is moderately wounded.
The orc priest mumbles some strange prayers to Beogh against you.
Pain shoots through your body!
You die...

# ######### . o.{o....# #
#######o####### #
#.....@.....# # #.#####.###.#
###### ######## #.# #<#
...... .......# #.# #.# ####
######.# #.# #.# ###... # #.#
#.#####.####### ##...~≈ #.#
#.............###..~~≈≈
##.####......######.##..~≈≈≈≈
#............# #.##.≈≈≈~~~


You could see an orc priest.

Vanquished Creatures
  Sigmund (D:3)
  A black bear (D:4)
  An ogre (D:3)
  A scorpion (D:4)
  A gnoll bouda (D:4)
  An iguana (D:4)
  An orc wizard (D:2)
  3 adders
  4 gnolls
  An ufetubus (D:4)
  A worm (D:3)
  4 dart slugs
  3 orcs
  10 ball pythons
  8 bats
  10 endoplasms
  2 giant cockroaches (D:2)
  6 hobgoblins
  7 jackals
  3 quokkas
  2 frilled lizards (D:1)
  5 goblins
  6 kobolds
  5 rats
87 creatures vanquished.

Vanquished Creatures (others)
  4 toadstools (D:1)
4 creatures vanquished.

Grand Total: 91 creatures vanquished

Notes
Turn   | Place    | Note
-------+----------+-------------------------------------------
     0 | D:1      | jlumianski the Demonspawn Fighter began the quest for the
                  | Orb.
     0 | D:1      | Reached XP level 1. HP: 18/18 MP: 1/1
   328 | D:1      | Gained mutation: You have a pair of small antennae on your
                  | head. [demonic ancestry]
   328 | D:1      | Reached XP level 2. HP: 24/24 MP: 2/2
   772 | D:1      | Reached XP level 3. HP: 17/29 MP: 3/3
  1544 | D:2      | Reached XP level 4. HP: 33/35 MP: 4/4
  2235 | D:3      | Noticed Sigmund
  2248 | D:3      | Killed Sigmund
  2249 | D:3      | Reached skill level 1 in Dodging
  2249 | D:3      | Reached XP level 5. HP: 3/41 MP: 5/5
  2458 | D:3      | Found a blossoming altar of Fedhas.
  2662 | D:3      | Gained mutation: You are partially covered in thin metallic
                  | scales. (AC +2) [demonic ancestry]
  2662 | D:3      | Reached XP level 6. HP: 45/47 MP: 6/6
  2985 | D:5      | Entered Level 5 of the Dungeon
  3257 | D:5      | Reached XP level 7. HP: 43/53 MP: 7/7
  3266 | D:5      | Found Qaleuf's General Store.
  3371 | D:5      | Bought a scroll of identify for 20 gold pieces
  3371 | D:5      | Bought a wand of mindburst (9) for 126 gold pieces
  3371 | D:5      | Bought a wand of iceblast (3) for 72 gold pieces
  3464 | D:4      | Found Irongoox's Magic Scroll Shop.
  3469 | D:4      | Bought a scroll of identify for 28 gold pieces
  4193 | D:3      | Killed from afar by an orc priest

Illustrated notes

Levels and vault maps discovered:
D:1:      nicolae_arrival_washed_ashore, layout_loops_ring,
          minmay_gold_behind_fungi, nicolae_kite_square_tiling_tiny
D:2:      layout_basic, kennysheep_boxes
D:3:      layout_loops_ring, fedhas_ov_isle_minmay, minmay_misc_feat_room,
          st_stairs_3, uniq_sigmund
D:4:      layout_basic, mainiacjoe_overflow_chevrons, serial_shops,
          nicolae_shop_competitors_out_of_business
D:5:      layout_basic, serial_shops, nicolae_inconvenience_store, uniq_pikel,
          uniq_ijyb

Skill      XL: |  1  2  3  4  5  6  7 |
---------------+----------------------+-----
Axes           | 2 3 4 |  4.5
Armour         | 3 4 |  4.7
Shields        | 3 |  3.5
Dodging        | 1 |  1.7
Fighting       | 4 |  4.1
Throwing       | |  0.2
Stealth        | |  0.7

Action                     |  1- 3 |  4- 6 |  7- 9 || total
---------------------------+-------+-------+-------++-------
  Melee: War axe           |   126 |   127 |    36 ||   289
  Throw: Stone             |       |     2 |       ||     2
         Boomerang         |       |       |     2 ||     2
    Use: Potion            |       |     1 |       ||     1
         Scroll            |       |       |     8 ||     8
 Armour: Scale mail        |    68 |    43 |    13 ||   124
  Dodge: Dodged            |    73 |    92 |     8 ||   173
  Block: Buckler           |    43 |    34 |     8 ||    85

Table legend: (Time is in decaauts)
 A = Elapsed time spent in this place.
 B = Non-inter-level travel time spent in this place.
 C = Inter-level travel time spent in this place.
 D = Time resting spent in this place.
 E = Time spent auto-exploring this place.
 F = Levels seen in this place.
 G = Mean time per level.
                   A        B        C        D        E       F      G
               +--------+--------+--------+--------+--------+-----+--------+
         Total |   4321 |   4290 |     31 |    600 |   2143 |   5 |  864.2 |
       Dungeon |   4321 |   4290 |     31 |    600 |   2143 |   5 |  864.2 |
               +--------+--------+--------+--------+--------+-----+--------+

Top non-repeatable levels by time:
     D:1: 1189 daAuts
     D:2: 1079 daAuts
     D:4: 995 daAuts
     D:3: 817 daAuts
     D:5: 239 daAuts
